 Dungeon Crawl Stone Soup version 0.30-a0-1043-g60ff8d5f49 (webtiles) character file.

Game seed: 16304239652179467694

110 DeathPants the Stinger (level 4, 0/36 HPs)
             Began as a Naga Venom Mage on Apr 9, 2023.
             Slain by an orc
             ... wielding a +0 dagger
              (1 damage)
             ... on level 3 of the Dungeon.
             The game lasted 00:06:34 (2619 turns).

DeathPants the Stinger (Naga Venom Mage)            Turns: 2619, Time: 00:06:34

Health: 0/36       AC:  2    Str: 12    XL:     4   Next: 91%
Magic:  4/8        EV: 10    Int: 15    God:
Gold:   122        SH:  0    Dex: 12    Spells: 6/9 levels left

rFire   . . .      SeeInvis +    f - +0 flail
rCold   + . .      Faith    .    (no shield)
rNeg    . . .      Spirit   .    a - +0 robe
rPois   +          Reflect  .    (no helmet)
rElec   .          Rampage  .    (no cloak)
rCorr   .                        (no gloves)
Will    .....                    (no barding)
Stlth   ++                       (no amulet)
HPRegen 0.26/turn                d - ring of protection from cold
MPRegen 0.11/turn                (no ring)

@: very slightly contaminated, hasted, quick
A: AC +1, large, see invisible, deformed body, poison resistance, slowness 2,
spit poison 1, naga tail 1
a: Spit Poison


You were on level 3 of the Dungeon.
You visited 1 branch of the dungeon, and saw 3 of its levels.

You collected 122 gold pieces.

Inventory:

Hand Weapons
 f - a +0 flail (weapon)
 h - a +0 morningstar
 q - a +0 morningstar
Missiles
 j - 3 boomerangs
 t - 3 poisoned darts
Armour
 a - a +0 robe (worn)
 o - a +2 kite shield of fire resistance
Jewellery
 d - a ring of protection from cold (left hand)
Scrolls
 e - a scroll of amnesia {unknown}
 k - a scroll of brand weapon {unknown}
 l - a scroll of enchant weapon {unknown}
 m - a scroll of teleportation {unknown}
 s - a scroll of blinking {unknown}
Potions
 b - a potion of magic
 c - a potion of curing
 i - a potion of haste
 n - a potion of invisibility
 p - a potion of attraction {unknown}
 r - a potion of degeneration {unknown}


   Skills:
 - Level 1.5 Dodging
 - Level 3.0 Stealth
 + Level 3.0 Spellcasting
 - Level 1.0 Transmutations
 * Level 6.3 Poison Magic


You had 6 spell levels left.
You knew the following spells:

 Your Spells              Type           Power      Damage    Failure   Level
a - Sting                 Tmut/Pois      52%        1d5       4%          1
b - Poisonous Vapours     Pois/Air       22%        N/A       9%          2

Your spell library contained the following spells:

 Spells                   Type           Power      Damage    Failure   Level
 Olgreb's Toxic Radiance  Pois           21%        N/A       14%         4
 Mephitic Cloud           Conj/Pois/Air  8%         N/A       26%         3
 Inner Flame              Hex/Fire       2%         N/A       52%         3
 Flame Wave               Conj/Fire      2%         2d4       89%         4
 Sticky Flame             Conj/Fire      2%         2d3       89%         4
 Yara's Violent Unravell  Hex/Tmut       1%         3d3       99%         5
 Enfeeble                 Hex            1%         N/A       100%        7


Dungeon Overview and Level Annotations

Branches:
Dungeon (3/15)

Altars:
Hepliaklqana


Innate Abilities, Weirdness & Mutations

Your serpentine skin is tough. (AC +1)
You have supernaturally acute eyesight. (SInv)
Armour fits poorly on your strangely shaped body.
Your system is resistant to poisons. (rPois)
You cover ground very slowly.
You can spit poison.
You have a snake-like lower body.


Message History

You kill the orc! x2
You sock the endoplasm!
You kill the endoplasm!
You closely miss the orc. The orc hits you with a +0 mace.
The orc closely misses you.
You barely miss the orc. The orc hits you with a +0 mace.
The orc hits you with a +0 dagger.
Aiming: Sting (safe; 4% risk of failure)
Press: ? - help, Q - select action, (/) - cycle Shift-Dir - straight line, f - orc
Aim: an orc, wielding a +0 mace and wearing a +0 leather armour (71% to hit)
The sting hits the orc but does no damage.
The orc is poisoned.
The orc barely misses you. The orc hits you with a +0 dagger.
Aiming: Sting (safe; 4% risk of failure)
Press: ? - help, Q - select action, (/) - cycle Shift-Dir - straight line, f - orc, p - orc
Aim: an orc, wielding a +0 dagger and wearing a +0 leather armour (71% to hit)
You miscast Sting.
You are very lightly contaminated with residual magic.
Nothing appears to happen.
Aiming: Sting (safe; 4% risk of failure)
Press: ? - help, Q - select action, (/) - cycle Shift-Dir - straight line, f/p - orc
Aim: an orc, wielding a +0 dagger and wearing a +0 leather armour (71% to hit)
The sting hits the orc.
The orc is poisoned.
The orc is lightly wounded.
The orc closely misses you. The orc hits you but does no damage.
You barely miss the orc.
The orc is lightly wounded.
The orc closely misses you. The orc hits you with a +0 dagger.
You completely miss the orc.
The orc is moderately wounded.
The orc hits you with a +0 mace.
* * * LOW HITPOINT WARNING * * *
The orc hits you but does no damage.
A frilled lizard comes into view.
You hit the orc.
The orc is severely wounded.
The orc hits you with a +0 mace.
* * * LOW HITPOINT WARNING * * *
The orc hits you with a +0 dagger.
You die...

#.#...........#
#.#.#.#.......#
#..........####
###.#...#..#
#.#...#..# #.....#..+
#.....#.## ..##.#####
#.....#.. ......o@.#
#.........
.....###o###.....#####
.................
...#.###.###...#######
#........#......
#.##..###...#......
#.......?.......... .
#.###.l...#..##+####.
#.....#..............


You could see 2 orcs and a frilled lizard.

Vanquished Creatures
  4 adders
  A dart slug (D:1)
  7 orcs (D:3)
  3 endoplasms
  3 giant cockroaches
  5 goblins
  9 hobgoblins
  4 quokkas
  7 ball pythons
  6 bats
  3 frilled lizards
  6 kobolds
  3 rats
61 creatures vanquished.

Vanquished Creatures (others)
  2 plants (D:3)
2 creatures vanquished.

Grand Total: 63 creatures vanquished

Notes
Turn   | Place    | Note
-------+----------+-------------------------------------------
     0 | D:1      | DeathPants the Naga Venom Mage began the quest for the Orb.
     0 | D:1      | Reached XP level 1. HP: 15/15 MP: 3/3
    89 | D:2      | Reached XP level 2. HP: 15/22 MP: 0/5
   104 | D:2      | Learned a level 2 spell: Poisonous Vapours
   654 | D:2      | Reached skill level 5 in Poison Magic
   654 | D:2      | Reached XP level 3. HP: 24/28 MP: 0/6
  1236 | D:1      | Reached XP level 4. HP: 36/36 MP: 5/8
  2122 | D:3      | Reached skill level 6 in Poison Magic
  2279 | D:3      | Found a hazy altar of Hepliaklqana.
  2619 | D:3      | HP: 1/36 [orc/+0 mace (6)]
  2619 | D:3      | Slain by an orc

Illustrated notes

Levels and vault maps discovered:
D:1:      psy_arrival_dodecagon, layout_basic
D:2:      layout_basic
D:3:      layout_basic, nicolae_overflow_hidden_temple,
          mainiacjoe_overflow_boulevard

Skill      XL: |  1  2  3  4 |
---------------+-------------+-----
Poison Magic   | 5 6 |  6.3
Spellcasting   | 3 |  3.0
Dodging        | |  1.5
Stealth        | |  3.0
Transmutations | |  1.0

Action                     |  1- 3 |  4- 6 || total
---------------------------+-------+-------++-------
  Melee: Unarmed           |     2 |       ||     2
         Flail             |    41 |    58 ||    99
         Punch             |     2 |     1 ||     3
   Cast: Sting             |    46 |    37 ||    83
Ability: Spit Poison       |     1 |       ||     1
    Use: Scroll            |       |     4 ||     4
         Potion            |       |     1 ||     1
   Stab: Sleeping          |     1 |       ||     1
         Distracted        |     1 |       ||     1
 Armour: Robe              |    13 |    29 ||    42
  Dodge: Dodged            |    47 |    65 ||   112

Table legend: (Time is in decaauts)
 A = Elapsed time spent in this place.
 B = Non-inter-level travel time spent in this place.
 C = Inter-level travel time spent in this place.
 D = Time resting spent in this place.
 E = Time spent auto-exploring this place.
 F = Levels seen in this place.
 G = Mean time per level.
                   A        B        C        D        E       F      G
               +--------+--------+--------+--------+--------+-----+--------+
         Total |   3246 |   3168 |     78 |    177 |   2284 |   3 | 1082.0 |
       Dungeon |   3246 |   3168 |     78 |    177 |   2284 |   3 | 1082.0 |
               +--------+--------+--------+--------+--------+-----+--------+

Top non-repeatable levels by time:
     D:2: 1546 daAuts
     D:1: 1048 daAuts
     D:3: 652 daAuts
